 Dungeon Crawl Stone Soup version 0.21.0-37-g46506fa (webtiles) character file.

80 komo4ek the Slasher (level 4, 0/33 HPs)
             Began as a Demonspawn Gladiator on Feb 1, 2018.
             Killed from afar by Natasha (10 damage)
             ... with a magic dart
             ... on level 2 of the Dungeon.
             The game lasted 00:02:35 (1154 turns).

komo4ek the Slasher (Demonspawn Gladiator)          Turns: 1154, Time: 00:02:35

Health: 0/33       AC:  3    Str: 15    XL:     4   Next: 18%
Magic:  4/4        EV: 12    Int: 10    God:
Gold:   73         SH:  3    Dex: 14    Spells: 3/3 levels left

rFire    . . .     SeeInvis .   a - +0 long sword
rCold    . . .     Gourm    .   m - +0 buckler (curse)
rNeg     . . .     Faith    .   b - +0 leather armour
rPois    .         Spirit   .   (helmet restricted)
rElec    .         Reflect  .   (no cloak)
rCorr    .         Harm     .   (no gloves)
MR       .....                  (no boots)
Stlth    +.........             (no amulet)
HPRegen  0.11/turn              (no ring)
MPRegen  0.09/turn              (no ring)

@: no status effects
A: horns 1, talons 1, spiny 1
a: no special abilities


You were on level 2 of the Dungeon.
You were not hungry.

You visited 1 branch of the dungeon, and saw 2 of its levels.

You collected 73 gold pieces.

Inventory:

Hand Weapons
 a - a +0 long sword (weapon)
Missiles
 d - 3 throwing nets (quivered)
Armour
 b - a +0 leather armour (worn)
 c - a +0 helmet
 h - a +0 shield
 m - a cursed +0 buckler (worn)
Wands
 s - a wand of paralysis (22)
Scrolls
 e - 2 scrolls of teleportation {unknown}
 g - 2 scrolls of amnesia {unknown}
 i - a scroll of random uselessness {unknown}
 n - a scroll of enchant armour {unknown}
 r - a scroll of identify {unknown}
Potions
 j - a potion of lignification {unknown}
 k - a potion of ambrosia {unknown}
 l - 2 potions of heal wounds {unknown}
 o - 2 potions of curing {unknown}
 q - a potion of brilliance {unknown}
Comestibles
 f - 2 rations
 p - a chunk of flesh


   Skills:
 - Level 2.0 Fighting
 + Level 4.6 Long Blades
 - Level 1.7 Throwing
 - Level 2.6 Dodging


You had 3 spell levels left.
You didn't know any spells.

Dungeon Overview and Level Annotations

Branches:
Dungeon (2/15)

Altars:

Annotations:
D:2 Natasha


Innate Abilities, Weirdness & Mutations

You have a pair of small horns on your head.
You have sharp toenails.
You are partially covered in sharp spines.


Message History

Natasha is lightly wounded.
Natasha is struck by your spines. Natasha claws you.
You barely miss Natasha. Your kick misses Natasha.
Your headbutt misses Natasha.
Natasha is moderately wounded.
Natasha casts a spell at you. The magic dart hits you!
You completely miss Natasha.
Natasha is moderately wounded.
Natasha is struck by your spines. Natasha claws you but does no damage.
You miss Natasha.
Natasha is heavily wounded.
Natasha is struck by your spines. Natasha closely misses you.
Natasha is struck by your spines. Natasha claws you!
You are too injured to fight recklessly!
You hit Natasha.
Natasha is almost dead.
Natasha stares at you and mumbles some strange words.
The magic dart hits you!
You die...

#.# #.# ..#.# #.#
###.#.# #.# ....... #.#
....... #.# .......
#####.###### .......
#.†(.......#
.......####.###.<..#.##.
......h@....# ####.#....
.......###########......
....... .........#...#
#.#.#.# ########.#..## #
# .. ###.#..# .#.
#......# #.. #....#|# .
. #......## #......#.


You could see Natasha.

Vanquished Creatures
  Jessica (D:2)
  An adder (D:2)
  A worm (D:2)
  2 dart slugs (D:1)
  A leopard gecko (D:1)
  4 bats
  7 giant cockroaches
  5 goblins
  4 hobgoblins (D:1)
  2 frilled lizards (D:1)
  4 kobolds
  4 rats (D:2)
36 creatures vanquished.

Notes
Turn   | Place    | Note
-------+----------+-------------------------------------------
     0 | D:1      | komo4ek the Demonspawn Gladiator began the quest for the Orb.
     0 | D:1      | Reached XP level 1. HP: 16/16 MP: 1/1
   159 | D:1      | Reached skill level 3 in Long Blades
   206 | D:1      | Gained mutation: You are partially covered in sharp spines. [demonic ancestry]
   206 | D:1      | Reached XP level 2. HP: 14/22 MP: 2/2
   505 | D:1      | Gained mutation: You have a pair of small horns on your head. [demonic ancestry]
   505 | D:1      | Reached XP level 3. HP: 23/27 MP: 3/3
   872 | D:2      | Reached skill level 4 in Long Blades
   984 | D:2      | Noticed Jessica
   989 | D:2      | Killed Jessica
   989 | D:2      | Gained mutation: You have sharp toenails. [demonic ancestry]
   989 | D:2      | Reached XP level 4. HP: 33/33 MP: 4/4
  1145 | D:2      | Noticed Natasha
  1154 | D:2      | Killed from afar by Natasha

Skill      XL: |  1  2  3 |
---------------+----------+-----
Long Blades    | 3 4 |  4.6
Fighting       | |  2.0
Throwing       | |  1.7
Dodging        | |  2.6

Action                   |  1- 3 |  4- 6 || total
-------------------------+-------+-------++-------
Melee: Long sword        |    69 |    13 ||    82
       Headbutt          |     4 |     1 ||     5
       Kick              |       |     2 ||     2
  Eat: Chunk             |       |     1 ||     1
Armor: Leather armour    |    14 |     1 ||    15
Dodge: Dodged            |    41 |     6 ||    47
Block: Shield            |     9 |       ||     9
       Buckler           |     5 |       ||     5
       Rpst.: Long sword |     6 |     1 ||     7
